 Dungeon Crawl Stone Soup version 0.21.1-1-g345015fe64 (webtiles) character file.

191 Htamos the Conjurer (level 5, -5/31 HPs)
             Began as an Octopode Wizard on July 17, 2018.
             Was an Initiate of Gozag.
             Slain by Crazy Yiuf
             ... wielding a +4 quarterstaff of chaos
              (14 damage)
             ... on level 3 of the Dungeon.
             The game lasted 00:07:26 (3611 turns).

Htamos the Conjurer (Octopode Wizard)               Turns: 3611, Time: 00:07:27

Health: -5/31      AC:  1    Str:  7    XL:     5   Next: 70%
Magic:  5/9        EV: 13    Int: 21    God:    Gozag
Gold:   445        SH:  0    Dex: 10    Spells: 9/10 levels left

rFire    . . .     SeeInvis .   (no weapon)
rCold    . . .     Gourm    .   (no shield)
rNeg     . . .     Faith    .   a - +0 hat
rPois    .         Spirit   .   (no amulet)
rElec    .         Reflect  .   (no ring)
rCorr    .         Harm     .   (no ring)
MR       .....                  (no ring)
Stlth    +++.......             (no ring)
HPRegen  0.10/turn              (no ring)
MPRegen  0.11/turn              (no ring)
                                (no ring)
                                (no ring)

@: very slightly contaminated, invisible
A: almost no armour, stealthy swim, amphibious, 8 rings, constrict 8, camouflage
1, gelatinous body 1
a: Potion Petition, Call Merchant, Bribe Branch, Renounce Religion


You were on level 3 of the Dungeon.
You worshipped Gozag.
Gozag was aware of your devotion.
You were very hungry.

You visited 1 branch of the dungeon, and saw 3 of its levels.

You collected 460 gold pieces.
You paid 15 gold pieces to Gozag.

Inventory:

Hand Weapons
 o - a +0 hunting sling
Missiles
 d - 119 stones (quivered)
 k - 7 poisoned needles
Armour
 a - a +0 hat (worn)
 s - a +0 large shield
Jewellery
 f - an uncursed ring of positive energy {unknown}
 i - an uncursed amulet of guardian spirit {unknown}
 r - an uncursed ring of protection from magic {unknown}
 t - an uncursed ring of protection from magic {unknown}
Scrolls
 e - a scroll of teleportation {unknown}
 g - a scroll of random uselessness {unknown}
 h - a scroll of identify {unknown}
 j - a scroll of amnesia {unknown}
 p - a scroll of magic mapping {unknown}
Potions
 l - a potion of invisibility
 m - a potion of might
 n - a potion of lignification {unknown}
 q - a potion of curing {unknown}
Books
 b - a book of Minor Magic

   Spells                             Type                      Level
   a - Magic Dart                     Conjuration                  1
   b - Blink                          Translocation                2
   c - Call Imp                       Summoning                    2
   d - Slow                           Hexes                        2
   e - Conjure Flame                  Conjuration/Fire             3
   f - Mephitic Cloud                 Conjuration/Poison/Air       3
Comestibles
 c - 3 rations


   Skills:
 - Level 2.0 Dodging
 - Level 2.6 Stealth
 - Level 3.2 Spellcasting
 * Level 5.2 Conjurations
   Level 1.0 Summonings
   Level 1.0 Translocations


You had 9 spell levels left.
You knew the following spells:

 Your Spells              Type           Power        Failure   Level  Hunger
a - Magic Dart            Conj           ####         1%          1    None


Dungeon Overview and Level Annotations

Branches:
Dungeon (3/15)

Altars:
Elyvilon
Gozag
Kikubaaqudgha
Makhleb
Sif Muna
Zin
The Shining One

Annotations:
D:3 Crazy Yiuf


Innate Abilities, Weirdness & Mutations

You cannot wear most types of armour.
You are very stealthy in the water. (Stealth+)
You are amphibious.
You can wear up to eight rings at the same time.
You can use your tentacles to constrict eight enemies at once.
Your skin changes colour to match your surroundings (Stealth+).
Your rubbery body absorbs attacks. (AC +1, EV +1)


Message History

You fade into invisibility!
You tentacle-slap Crazy Yiuf but do no damage.
Your grab misses Crazy Yiuf.
Crazy Yiuf is heavily wounded.
Crazy Yiuf completely misses you.
You closely miss Crazy Yiuf. Your grab misses Crazy Yiuf.
Crazy Yiuf is heavily wounded.
Crazy Yiuf closely misses you.
Casting: Magic Dart
Confirm with . or Enter, or press ? or * to list all spells.
Aiming: Magic Dart
Press: ? - help, Shift-Dir - straight line, f/p - Crazy Yiuf
Aim: Crazy Yiuf, wielding a quarterstaff of chaos and wearing a glowing cloak (heavily wounded, hasn't noticed you)
The magic dart hits Crazy Yiuf.
Crazy Yiuf is almost dead.
Crazy Yiuf hits you with a quarterstaff of chaos.
* * * LOW HITPOINT WARNING * * *
You are electrocuted!
You die...
Your body crumbles into a pile of gold.

.# #..#
###)...# .#
#..# #....#
.######..#
♣)...♣
.........###
♣...♣♣
.#######...#
♣♣.♣♣
.#......####
♣.♣♣
.#.####.#
♣♣.♣
.#....#.#
♣.♣♣
.#....#.#
♣♣@♣
.#....#.#
#g#
.#.####.#
... .#.# #.#
#...# ...#
#.# #..)#
.######.#
##### .#
#.#.#
.####.#.#
.##<..#.#


You could see Crazy Yiuf.

Vanquished Creatures
  Jessica (D:2)
  Robin (D:3)
  7 adders
  An ooze (D:2)
  3 worms
  2 dart slugs
  2 leopard geckos
  2 orcs (D:3)
  4 bats
  3 giant cockroaches (D:3)
  12 goblins
  11 hobgoblins
  3 jackals
  5 kobolds
  A quokka (D:2)
  9 frilled lizards
  8 rats
75 creatures vanquished.

Notes
Turn   | Place    | Note
-------+----------+-------------------------------------------
     0 | D:1      | Htamos the Octopode Wizard began the quest for the Orb.
     0 | D:1      | Reached XP level 1. HP: 11/11 MP: 4/4
   298 | D:1      | Reached XP level 2. HP: 17/17 MP: 0/6
   483 | D:1      | Reached skill level 2 in Conjurations
   790 | D:2      | Reached XP level 3. HP: 6/21 MP: 0/7
   801 | D:2      | Found an opulent altar of Gozag.
   806 | D:2      | HP: 1/21 [poisoned by an adder]
   809 | D:2      | Became a worshipper of Gozag Ym Sagoz the Greedy
  1006 | D:2      | Reached skill level 3 in Conjurations
  1238 | D:2      | Noticed Jessica
  1245 | D:2      | Killed Jessica
  1245 | D:2      | Reached XP level 4. HP: 14/27 MP: 1/8
  1505 | D:2      | Found an ancient bone altar of Kikubaaqudgha.
  1649 | D:2      | Found a burning altar of Makhleb.
  1649 | D:2      | Noticed a blizzard demon
  1662 | D:2      | Found a glowing silver altar of Zin.
  1759 | D:2      | Reached skill level 4 in Conjurations
  1841 | D:2      | Found a glowing golden altar of the Shining One.
  1893 | D:3      | Found a runed door.
  2075 | D:3      | Found a white marble altar of Elyvilon.
  2161 | D:3      | Reached XP level 5. HP: 31/31 MP: 0/9
  2207 | D:3      | Noticed Robin
  2227 | D:3      | Killed Robin
  2512 | D:3      | Found a deep blue altar of Sif Muna.
  2733 | D:3      | Reached skill level 5 in Conjurations
  3603 | D:3      | Noticed Crazy Yiuf
  3611 | D:3      | Slain by Crazy Yiuf

Skill      XL: |  1  2  3  4  5 |
---------------+----------------+-----
Conjurations   | 2 3 4 5 |  5.2
Dodging        | |  2.0
Stealth        | |  2.6
Spellcasting   | |  3.2
Summonings     | |  1.0
Translocations | |  1.0

Action                   |  1- 3 |  4- 6 || total
-------------------------+-------+-------++-------
Melee: Unarmed           |    11 |    23 ||    34
       Constrict         |     1 |     7 ||     8
       Tentacles         |     1 |     3 ||     4
 Cast: Magic Dart        |    69 |   120 ||   189
Invok: Potion Petition   |     1 |       ||     1
  Use: Potion            |     2 |       ||     2
       Scroll            |     1 |       ||     1
  Eat: Ration            |       |     2 ||     2
Armor: Skin              |     3 |     3 ||     6
Dodge: Dodged            |    15 |    34 ||    49
